 Dungeon Crawl Stone Soup version 0.31.0-32-g396128a36d (webtiles) character file.

Game seed: 3909198787158169020

271 PaiMei the Gusty (level 6, -6/36 HPs)
             Began as a Tengu Air Elementalist on Mar 20, 2024.
             Was an Initiate of Vehumet.
             Mangled by an ice beast (12 damage)
             ... on level 4 of the Dungeon.
             The game lasted 00:06:56 (4591 turns).

PaiMei the Gusty (Tengu Air Elementalist)           Turns: 4591, Time: 00:06:57

Health: -6/36      AC:  3    Str: 14    XL:     6   Next: 23%
Magic:  4/11       EV: 13    Int: 17    God:    Vehumet [......]
Gold:   167        SH:  0    Dex: 15    Spells: 8/11 levels left

rFire   . . .        y - +3 hand axe
rCold   . . .        (no shield)
rNeg    . . .        a - +0 robe
rPois   .            (helmet restricted)
rElec   .            n - +0 cloak
rCorr   .            (no gloves)
SInv    +            (boots unavailable)
Will    .....        (no amulet)
Stlth   ++           v - ring of see invisible
HPRegen 0.26/turn    d - +6 ring of strength
MPRegen 0.12/turn

%: acrobat
@: no status effects
A: beak, talons 3, acrobatic
a: Renounce Religion


You were on level 4 of the Dungeon.
You worshipped Vehumet.
Vehumet was noncommittal.
You visited 2 branches of the dungeon, and saw 5 of its levels.

You collected 167 gold pieces.

Inventory:

Hand Weapons
 y - a +3 hand axe (weapon)
 B - the +9 hand axe of Entum {drain, rElec rC++ MP-9 Stlth+}
   (You found it on level 4 of the Dungeon)

   rC++:      It greatly protects you from cold.
   rElec:     It insulates you from electricity.
   MP-9:      It affects your magic capacity (-9).
   Stlth+:    It makes you more stealthy.
Missiles
 k - 10 poisoned darts (quivered)
 m - a throwing net
Armour
 a - a +0 robe (worn)
 n - a +0 cloak (worn)
Jewellery
 d - a +6 ring of strength (right hand)
 q - an amulet of guardian spirit
 r - a ring of protection from cold
 v - a ring of see invisible (left hand)
 z - a ring of fire
Wands
 A - a wand of flame (20)
Scrolls
 c - 2 scrolls of brand weapon {unknown}
 e - 4 scrolls of fog {unknown}
 f - 2 scrolls of teleportation {unknown}
 h - a scroll of immolation {unknown}
 i - 5 scrolls of identify {unknown}
 j - a scroll of summoning {unknown}
 l - a scroll of enchant weapon {unknown}
 o - a scroll of revelation {unknown}
 t - a scroll of blinking {unknown}
 u - a scroll of poison {unknown}
Potions
 b - 2 potions of magic
 g - 2 potions of mutation {unknown}
 p - 2 potions of lignification {unknown}
 s - a potion of might {unknown}
 w - a potion of curing {unknown}
 x - a potion of ambrosia {unknown}


   Skills:
 + Level 2.3 Fighting
 + Level 3.5 Dodging
 - Level 2.1 Stealth
 + Level 3.1 Spellcasting
 + Level 3.7 Conjurations
 + Level 5.3 Air Magic


You had 8 spell levels left.
You knew the following spells:

 Your Spells              Type           Power      Damage    Failure   Level
a - Shock                 Conj/Air       68%        1d7       2%          1
b - Static Discharge      Conj/Air       34%        3-5/arc   4%          2

Your spell library contained the following spells:

 Spells                   Type           Power      Damage    Failure   Level
 Swiftness                Air            20%        N/A       6%          3
 Airstrike                Air            10%        2d(2-18)  19%         4
 Iskenderun's Battlesphe  Conj           15%        2d7       71%         5
 Bombard                  Conj/Erth      4%         9d2       100%        6
 Haunt                    Necr/Summ      1%         N/A       100%        7
 Spellforged Servitor     Conj/Summ      4%         N/A       100%        7
 Borgnjor's Revivificati  Necr           1%         N/A       100%        8
 Death's Door             Necr           1%         N/A       100%        9


Dungeon Overview and Level Annotations

Branches:
Dungeon (4/15)             Temple (1/1) D:4

Altars:
Ashenzari
Cheibriados
Dithmenos
Fedhas
Hepliaklqana
Qazlal
Ru
Trog
Vehumet
Xom
Yredelemnul

Annotations:
D:4 1 runed translucent door, Crazy Yiuf, Dowan, Duvessa


Innate Abilities, Weirdness & Mutations

You have a beak for a mouth.
You have claws for feet.
You can magically evade attacks while moving or waiting.


Message History

Casting: Shock (safe; 2% risk of failure)
Confirm with . or Enter, or press ? or * to list all spells.
Aiming: Shock (safe; 2% risk of failure)
Press: ? - help, Shift-Dir - straight line, f/p - ice beast
Aim: an ice beast (moderately wounded, 71% to hit)
The zap hits the ice beast.
The ice beast is heavily wounded.
Casting: Shock (safe; 2% risk of failure)
Confirm with . or Enter, or press ? or * to list all spells.
Aiming: Shock (safe; 2% risk of failure)
Press: ? - help, Shift-Dir - straight line, f/p - ice beast
Aim: an ice beast (heavily wounded, 71% to hit)
The zap hits the ice beast but does no damage.
The ice beast is heavily wounded.
Casting: Shock (safe; 2% risk of failure)
Confirm with . or Enter, or press ? or * to list all spells.
The ice beast is struck by an arc of lightning.
The ice beast is severely wounded.
You are struck by an arc of lightning.
The lightning grounds out.
The ice beast closely misses you.
Throw: 10 darts (poison)
Press: ? - help, Q - select action, (/) - cycle Shift-Dir - straight line, f/p - ice beast
Aim: an ice beast (severely wounded, 56% to hit)
Okay, then.
You hit the ice beast. Your kick misses the ice beast.
The ice beast is severely wounded.
The ice beast hits you. The ice beast freezes you! The ice beast hits you.
The ice beast freezes you!
* * * LOW HITPOINT WARNING * * *
Casting: Static Discharge (safe; 4% risk of failure)
Confirm with . or Enter, or press ? or * to list all spells.
Aiming: Shock (safe; 2% risk of failure)
Press: ? - help, Shift-Dir - straight line, f/p - ice beast
Aim: an ice beast (severely wounded, 71% to hit)
The zap hits the ice beast but does no damage.
The ice beast is severely wounded.
The ice beast hits you.
* * * LOW HITPOINT WARNING * * *
The ice beast freezes you!
You die...

####### #.....#
######.###'####
#########..............
#......##.#............
#.....@...#............
......Y....#..)####+#...
...........#............
...........#........####
.........####.......##.~
.........# #....)..####
.........# ........#
.........# ........#
........#####


You could see an ice beast.

Vanquished Creatures
  A water moccasin skeleton (D:3)
  3 orc priests
  An iguana (D:4)
  2 adders (D:4)
  An adder zombie (D:3)
  4 ribbon worms
  A dart slug (D:3)
  13 orcs
  3 bats
  3 endoplasms
  2 giant cockroaches
  4 goblins
  6 hobgoblins
  2 jackals (D:1)
  A quokka (D:2)
  6 ball pythons
  A ball python skeleton (D:3)
  A ball python zombie (D:3)
  2 frilled lizards (D:2)
  A giant cockroach zombie (D:3)
  A jackal skeleton (D:3)
  6 kobolds
  7 rats
72 creatures vanquished.

Notes
Turn   | Place    | Note
-------+----------+-------------------------------------------
     0 | D:1      | PaiMei the Tengu Air Elementalist began the quest for the
                  | Orb.
     0 | D:1      | Reached XP level 1. HP: 10/10 MP: 4/4
   388 | D:1      | Reached XP level 2. HP: 15/15 MP: 4/6
  1440 | D:2      | Reached XP level 3. HP: 20/20 MP: 2/7
  1443 | D:2      | Learned a level 2 spell: Static Discharge
  2381 | D:3      | Reached skill level 1 in Fighting
  2755 | D:3      | Reached XP level 4. HP: 25/25 MP: 3/8
  3079 | D:3      | Reached XP level 5. HP: 28/29 MP: 0/10
  3393 | D:3      | Reached skill level 5 in Air Magic
  3904 | D:4      | Reached XP level 6. HP: 9/35 MP: 1/11
  4078 | D:4      | Found a staircase to the Ecumenical Temple.
  4106 | Temple   | Entered the Ecumenical Temple
  4124 | Temple   | Became a worshipper of Vehumet
  4301 | D:4      | Found a runed translucent door.
  4302 | D:4      | Noticed Crazy Yiuf
  4348 | D:4      | Noticed Dowan
  4357 | D:4      | Noticed Duvessa
  4563 | D:4      | Identified the +9 hand axe of Entum {drain, rElec rC++ MP-9
                  | Stlth+}
  4583 | D:4      | Noticed an ice beast
  4591 | D:4      | Mangled by an ice beast

Illustrated notes

Levels and vault maps discovered:
D:1:      pf_arrival_petrified_forest, layout_basic
D:2:      layout_basic, st_stairs_10
D:3:      layout_basic, serial_undead, serial_undead_d, serial_undead_d,
          serial_undead_e, serial_undead_b, serial_undead_b, serial_undead_a
D:4:      layout_basic, minmay_temple_entry_statues_pillars, serial_aquarium,
          aquarium_bridge_square [aquarium_subvault_window,
          aquarium_subvault_window, aquarium_subvault_balcony,
          aquarium_subvault_bridge], aquarium_window_fake, aquarium_window_2,
          aquarium_window_corridor_2, aquarium_view_2d, aquarium_view_2c,
          uniq_duvessa, uniq_crazy_yiuf_cottage
Temple:   chequers_temple_sunken

Skill      XL: |  1  2  3  4  5 |
---------------+----------------+-----
Conjurations   | 2 3 |  3.7
Fighting       | 1 2 |  2.3
Dodging        | 3 |  3.5
Air Magic      | 5 |  5.3
Spellcasting   | 3 |  3.1
Stealth        | |  2.1

Action                     |  1- 3 |  4- 6 || total
---------------------------+-------+-------++-------
  Melee: Short sword       |    21 |       ||    21
         Kick              |     4 |     5 ||     9
         Peck              |     4 |     3 ||     7
         Falchion          |     1 |    10 ||    11
         Hand axe          |       |     4 ||     4
   Cast: Shock             |   107 |    91 ||   198
         Static Discharge  |       |     1 ||     1
 Armour: Robe              |    20 |    22 ||    42
  Dodge: Dodged            |    28 |    17 ||    45
